[Event "AUT Bundesliga 2021-22"]
[Site "Graz"]
[Date "2022.04.23"]
[Round "11.32"]
[White "Predojevic, Borki"]
[Black "Rubil, Marko"]
[Result "1-0"]
[ECO "C54"]
[WhiteElo "2585"]
[BlackElo "2293"]
[Annotator "TA"]
[PlyCount "133"]
[EventDate "2021.01.17"]
[EventType "team-tourn"]
[EventCountry "AUT"]
[SourceTitle "playchess.com"]
[Source "ChessBase"]
[SourceQuality "1"]
[TimeControl "40/5400+30:1800+30"]

1. e4 e5 2. Nf3 Nc6 3. Bc4 Bc5 4. c3 Nf6 5. d3 a6 6. O-O d6 7. Re1 O-O 8. h3 Ba7 9. Bb3 Ne7 10. Nbd2 Ng6 11. Nf1 c6 {[%emt 0:09:48] C54: Giuoco Piano: 4 c3 Nf6, main lines with 5 d4 and 5 d3.} 12. Ng3 h6 13. d4 Re8 {[%emt 0:03:18] White is slightly better.} 14. Bc2 Nh7 15. Be3 Qf6 {[%emt 0:10:11] [#]} 16. Nh2 $146 ({Predecessor:} 16. Qd2 Nhf8 17. Nh5 Qe7 18. Bxh6 gxh6 19. Qxh6 f6 20. Bb3+ {1-0 (20) Schulze,L (2175)-Bargsten,J (2001) Verden 2019}) 16... Nf4 17. Ng4 Qh4 18. dxe5 dxe5 19. Bxa7 {[%emt 0:01:46] Threatens to win with Be3.} Ng5 (19... Rd8 $1 $15 20. Bd4 (20. Nxh6+ $2 gxh6 21. Bd4 Ng5 $19) 20... exd4 21. cxd4 Ng5) 20. Nf5 $2 {[%emt 0:07:24] [#]} Ngxh3+ $1 21. gxh3 $11 Nxh3+ $2 (21... Qxh3 $11 22. Nge3 Rxa7) 22. Kf1 $16 Bxf5 23. exf5 Ng5 {[%emt 0:00:50] [#]} 24. Be3 $2 (24. Rxe5 Qh3+ 25. Ke1 Nf3+ 26. Ke2 Nxe5 27. Nxe5 Rxa7 $15) ({White should play} 24. Re3 $1 $16 Red8 25. Qe1 Qxg4 26. Bb6) 24... Rad8 $2 {[%emt 0:00:49][%mdl 8192] [#] Black cannot hold the game after this.} (24... Qh1+ $15 {stays ahead.} 25. Ke2 Qf3+ 26. Kd2 Rad8+ 27. Kc1 Rxd1+ 28. Bxd1 Qxf5) 25. Bxg5 $1 $18 Qh3+ 26. Kg1 Rxd1 27. Bxd1 {[%emt 0:00:23] Dancing on a razor blade.} hxg5 28. Re3 (28. Rxe5 Rxe5 29. Nxe5 Qxf5 $11) 28... Qh7 {[%emt 0:01:05] [#]} 29. Bc2 ({Not} 29. Nxe5 Qxf5 30. Bg4 Qf4 $14) ({Worse is} 29. Rxe5 Rxe5 30. Nxe5 Qxf5 $11) 29... e4 30. Bxe4 ({Don't play} 30. Rxe4 $6 Rxe4 31. Bxe4 Qh3) 30... Qh4 31. Bf3 Rxe3 32. Nxe3 Qf4 33. Bg4 Qa4 34. b3 Qa3 35. Nc4 Qc5 36. Rc1 b5 (36... g6 $142) 37. Ne3 Qe5 38. c4 b4 39. Rc2 Kf8 40. Re2 Qf4 41. Kg2 Qd6 42. Rc2 Ke7 43. c5 Qf6 44. Bf3 a5 45. Rd2 {[%emt 0:06:10] aiming for Rd6.} Qc3 (45... g4 $142 46. Bxg4 Qe5) 46. Rd6 {[%emt 0:02:00][%cal Of5f6] Hoping for f6+!} Qxc5 47. Rxc6 Qe5 {[%emt 0:01:33] [#]} 48. Rc7+ $3 Kf8 49. Rc8+ Ke7 50. Ra8 Qc5 51. Rb8 Kf6 52. Re8 {[%emt 0:02:26] Black must now prevent Nd5+.} Qd4 53. Ra8 Qc5 54. Ra6+ Ke7 55. Bd5 Kf8 56. Ra8+ Ke7 57. Rb8 Qd4 58. Rb7+ Kd6 59. Rxf7 {[%emt 0:00:39] Strongly threatening Nc4+.} Qa1 60. Ra7 {[%emt 0:00:17] And now Bf3 would win.} Qxa2 {[%emt 0:00:50] [#]} 61. Rxa5 $3 Qe2 (61... Qb1 62. Ra7) 62. Ra7 Ke5 63. Rxg7 {[%emt 0:00:20] White threatens Re7+ and mate.} Qh5 64. Re7+ Kf6 65. Re6+ Kg7 66. f6+ Kf8 67. Ra6 {[%emt 0:00:20] Weighted Error Value: White=0.36/Black=0.51} 1-0

[Event "AUT Bundesliga 2021-22"]
[Site "Graz"]
[Date "2022.04.23"]
[Round "11.33"]
[White "Vitouch, Anatol"]
[Black "Handler, Lukas"]
[Result "1/2-1/2"]
[ECO "A11"]
[WhiteElo "2245"]
[BlackElo "2436"]
[Annotator "TA"]
[PlyCount "156"]
[EventDate "2021.01.17"]
[EventType "team-tourn"]
[EventCountry "AUT"]
[SourceTitle "playchess.com"]
[Source "ChessBase"]
[SourceQuality "1"]
[TimeControl "40/5400+30:1800+30"]

1. c4 c6 2. Nf3 d5 3. g3 Nf6 4. Bg2 dxc4 5. O-O Nbd7 6. Na3 Nb6 7. Qc2 Be6 {[%emt 0:00:43] A11: English Opening: 1...c6.} 8. Ng5 Qd7 (8... Bg4 {looks sharper.} 9. Nxc4 Bxe2 10. Ne5 Bh5) 9. Nxe6 Qxe6 10. Re1 g6 11. b3 cxb3 12. axb3 Bg7 13. Bb2 O-O 14. Nc4 Rfd8 15. d4 {[%emt 0:15:47] [#]} Ne8 $146 ({Predecessor:} 15... Nfd5 16. e3 Nb4 17. Qe2 Nxc4 18. bxc4 Qd7 19. Reb1 a5 20. c5 e5 21. dxe5 Qf5 {1-0 (45) Moujan,P (1768)-Bradney,R (1897) ICCF email 2018}) 16. e3 Nd6 17. Rec1 Qd7 18. Ra5 Nb5 19. Raa1 Rac8 20. Rd1 e6 21. Rac1 Qe7 22. Na5 Rd7 23. Qe2 a6 24. Rc5 (24. Nc4 $15 Qd8 25. h4) 24... Qd8 (24... e5 $142 25. Nc4 Nxc4 26. Qxc4 Re8) 25. Rdc1 Nd5 26. Qe1 Ne7 27. R5c2 h5 28. b4 Nd6 29. Nb3 Qb6 30. Nc5 Rdd8 31. Nd3 Ndf5 32. Rc5 Qa7 33. Qe2 Rd7 34. h4 Rdc7 (34... Rcd8 $15) 35. Ne5 ({Better is} 35. g4 $1 $14) 35... Rd8 36. Qc2 (36. g4 $11 hxg4 37. Qxg4) 36... Rcc8 37. Qb3 Nd6 38. Bh3 Nd5 39. Nd3 Qb6 40. Bg2 Ra8 41. Ra1 {[%emt 0:14:56] Inhibits a5.} Nb5 42. Bh3 a5 43. bxa5 Rxa5 44. Rxa5 Qxa5 45. Rc1 Qa8 46. Nc5 Qb8 47. Bf1 Ndc7 48. Bc4 Nd6 49. Be2 Kh8 50. Kg2 Qc8 51. Bc3 Re8 52. Nd3 Kg8 53. Bf3 (53. Bb4 $5 Ndb5 54. Nc5 $11) 53... Ncb5 54. Bb2 (54. Bb4 {keeps more tension.} e5 55. dxe5 Bxe5 56. Rd1) 54... Qd7 55. Rd1 Rd8 56. Nf4 Qe8 57. Nd3 Nf5 58. Nc5 Qe7 59. Rc1 Rb8 60. Be2 Nbd6 61. Qb6 Qd8 62. Qb3 Kh7 63. Bf3 Ne7 64. Qc2 Ndf5 65. Nd3 Rc8 66. Qb3 b6 67. Ba3 Nd5 68. Nb4 $2 {[%emt 0:01:49][%mdl 8192] [#]} (68. Bb2 $15) 68... Nxb4 $2 ({Black should play} 68... Ndxe3+ $1 $19 69. Kg1 (69. fxe3 $2 Qc7 $19) 69... c5 $1 70. dxc5 Rxc5 $1) 69. Bxb4 $11 c5 70. dxc5 bxc5 71. Rxc5 Rb8 {[%emt 0:00:40] aiming for ...Qb6.} 72. Rc4 Bf8 {[%emt 0:00:48] Strongly threatening ...Qb6.} 73. Qc3 (73. Ba5 $11 {keeps the balance.}) 73... Bxb4 $17 74. Rxb4 {[%emt 0:00:05] [#]} Rxb4 (74... Nxe3+ $1 $17 75. Kg1 {[#]} (75. fxe3 $2 Qa5 $19) 75... Qa5 $1) 75. Qxb4 $11 {[%emt 0:00:04] The position is equal.} Qf6 76. Qf4 Kg7 77. Be4 e5 78. Qf3 Nd6 {[%emt 0:01:32] Weighted Error Value: White=0.14 (very precise) /Black=0.13 (very precise)} 1/2-1/2

[Event "AUT Bundesliga 2021-22"]
[Site "Graz"]
[Date "2022.04.23"]
[Round "11.34"]
[White "Kreisl, Robert"]
[Black "Lovrinovic, Christian"]
[Result "1/2-1/2"]
[ECO "A05"]
[WhiteElo "2397"]
[BlackElo "2117"]
[Annotator "TA"]
[PlyCount "79"]
[EventDate "2021.01.17"]
[EventType "team-tourn"]
[EventCountry "AUT"]
[SourceTitle "playchess.com"]
[Source "ChessBase"]
[SourceQuality "1"]
[TimeControl "40/5400+30:1800+30"]

1. Nf3 Nf6 2. g3 g6 3. Bg2 Bg7 4. O-O O-O 5. d4 d5 6. c3 c6 7. a4 {[%emt 0:00:20] D02: 1 d4 d5 2 Nf3 sidelines, including 2...Nf6 3 g3 and 2...Nf6 3 Bf4.} Ne4 8. a5 Nd7 9. Bf4 {[%emt 0:01:03] [#] White has an edge.} f6 $146 ({Predecessor:} 9... h6 10. h4 f6 11. Nbd2 e5 12. Be3 f5 13. Nxe5 Nxe5 14. dxe5 Kh7 15. Nxe4 fxe4 {0-1 (34) Freier,W (1935)-Zucker,S (1797) Hannover 2012}) 10. Qc1 (10. c4 $14) 10... e5 $11 11. Bh6 Nd6 12. Bxg7 Kxg7 13. Nbd2 (13. Nfd2 $11) 13... e4 $15 14. Ne1 f5 15. f4 exf3 (15... h5 $17) 16. Bxf3 (16. exf3 $14 b6 17. Nd3) 16... Qe7 17. Ng2 g5 18. e3 Nf6 19. c4 dxc4 20. Nxc4 Nxc4 21. Qxc4 Be6 22. Qc2 (22. Qc1 $15) 22... a6 $17 23. Rae1 Qb4 ({Black should try} 23... Rae8 $17) 24. Qc3 $11 Nd5 25. Qxb4 Nxb4 26. Rc1 Rad8 27. Ne1 f4 28. gxf4 (28. Rc5 $15 h6 29. exf4) 28... gxf4 $17 29. Rc3 fxe3 (29... Nd5 $17 30. Bxd5 Rxd5) 30. Rxe3 $15 Bc4 31. Be2 Rxf1+ 32. Bxf1 {[%emt 0:00:14] The position is equal.} Bxf1 33. Kxf1 Rxd4 $11 {[%emt 0:00:56][%mdl 4096] Endgame KRN-KRN} 34. Re7+ Kg6 35. Rxb7 h6 36. Nf3 Re4 37. Nd2 Rh4 38. Nf3 Re4 39. Nd2 Rh4 40. Nf3 {[%emt 0:00:00] Weighted Error Value: White=0.17 (very precise) /Black=0.15 (very precise)} 1/2-1/2

[Event "AUT Bundesliga 2021-22"]
[Site "Graz"]
[Date "2022.04.23"]
[Round "11.35"]
[White "Gschiel, Alexander"]
[Black "Buhmann, Rainer"]
[Result "1-0"]
[ECO "A46"]
[WhiteElo "2109"]
[BlackElo "2569"]
[Annotator "TA"]
[PlyCount "99"]
[EventDate "2021.01.17"]
[EventType "team-tourn"]
[EventCountry "AUT"]
[SourceTitle "playchess.com"]
[Source "ChessBase"]
[SourceQuality "1"]
[TimeControl "40/5400+30:1800+30"]

1. d4 Nf6 2. Nf3 e6 3. g3 b5 4. Bg2 Bb7 5. O-O Be7 6. a4 b4 7. c4 O-O {[%emt 0:01:16] A46: 1 d4 Nf6 2 Nf3 e6: Torre, London and Colle Systems.} 8. Nbd2 d6 9. Qc2 Nbd7 {[%emt 0:15:46] [#] The position is equal.} 10. b3 $146 ({Predecessor:} 10. e4 e5 11. d5 c6 12. Nh4 g6 13. Ndf3 Nc5 14. Bh6 Re8 15. Rfe1 b3 16. Qb1 {0-1 (37) Glavinac,G (2065)-Saraci,N (2383) Ohrid 2019}) 10... c5 11. e3 Rc8 12. Bb2 d5 13. Rfd1 Qc7 14. Rac1 Qb8 15. dxc5 Nxc5 16. Nd4 Rfd8 17. cxd5 Nxd5 {[%emt 0:01:27][%cal Oc5a4] And now ...Nxa4! would win.} 18. Nc4 Bf6 19. Nb5 $2 (19. e4 $11 {and White stays safe.} Nb6 20. Nb5 Rxd1+ 21. Qxd1) 19... Bxb2 $1 $19 20. Qxb2 Ba6 $2 (20... a6 $1 $19 21. Nbd6 Nc3) 21. Ncd6 $11 Nc3 $2 ({Don't play} 21... Rxd6 22. Nxd6 Qxd6 23. e4 $16) (21... Bxb5 $11 22. Nxc8 (22. Nxb5 a6 $11) 22... Nd3 23. Rxd3 Bxd3) 22. Nxc8 $40 {[%emt 0:04:25][%cal Rd1d8][%mdl 128] White attacks with force.} Nxd1 (22... Rxd1+ $2 23. Rxd1 Qxc8 24. Nxc3 $18) 23. Ne7+ Kf8 24. Qc2 Bxb5 25. Qxc5 {[%emt 0:10:46] aiming for Nc6+.} Nc3 $2 (25... Qd6 {is a better chance.}) 26. axb5 (26. Nd5+ $142 Qd6 27. Qxd6+ Rxd6 28. Nxc3) 26... Qd6 27. Qxd6 Rxd6 {[%emt 0:00:01] [#]} 28. Ra1 $1 Kxe7 29. Rxa7+ {[%emt 0:00:05][%mdl 4096] Endgame KRB-KRN} Kf6 30. Bc6 Ne2+ 31. Kg2 Nc1 32. Rc7 Nxb3 33. b6 $1 {[%emt 0:00:08][%cal Bb5b6,Bb6b7][%mdl 32] Hoping for b7.} Nc5 (33... Na5 $2 34. b7 $1 Nxb7 35. Bxb7 $18) 34. b7 Na6 35. Bb5 $2 Nb8 $16 36. Rc8 $2 {[%emt 0:00:10] [#] &Bianco is more active.} (36. Be8 $16 {Strongly threatening f4.} b3 37. Rxf7+ Ke5 38. Ba4 (38. Rxg7 b2 $14)) 36... b3 $1 37. Rxb8 $18 {[%emt 0:00:52] KRB-KR} b2 38. Rf8 Rb6 39. Bd3 (39. b8=R $2 Rxb8 40. Rxb8 b1=Q $19) 39... Rxb7 {[%emt 0:00:04] [#]} 40. Bb1 $1 h5 41. Kf3 g5 42. h3 Rb4 43. Ke2 Kg7 44. Ra8 h4 45. g4 Rb5 46. Kd2 f5 47. f3 Kf6 (47... fxg4 $142 48. fxg4 Kf6) 48. gxf5 {[%emt 0:02:12] White is clearly winning.} exf5 49. Rf8+ Ke6 {[%emt 0:04:55] [#]} 50. Rxf5 $1 {[%emt 0:00:19][%mdl 512] Weighted Error Value: White=0.33/Black=0.49} 1-0

[Event "AUT Bundesliga 2021-22"]
[Site "Graz"]
[Date "2022.04.23"]
[Round "11.36"]
[White "Halvax, Georg"]
[Black "Horvath, Maria"]
[Result "1-0"]
[ECO "D02"]
[WhiteElo "2405"]
[BlackElo "1989"]
[Annotator "TA"]
[PlyCount "73"]
[EventDate "2021.01.17"]
[EventType "team-tourn"]
[EventCountry "AUT"]
[SourceTitle "playchess.com"]
[Source "ChessBase"]
[SourceQuality "1"]
[TimeControl "40/5400+30:1800+30"]

1. d4 d5 2. Nf3 e6 3. c4 a6 4. cxd5 exd5 5. Nc3 Nf6 6. Bg5 Be7 7. e3 h6 8. Bh4 c6 9. Qc2 Nbd7 10. Bd3 O-O 11. O-O Re8 12. Bg3 Nf8 {[%emt 0:07:12] D36: Queen's Gambit Declined: Exchange Variation: Main line (5 Bg5 c6 6 Qc2).} 13. Rab1 Nh5 14. b4 Nxg3 {[%emt 0:00:32] The position is equal.} 15. hxg3 {[%emt 0:00:12] [#]} h5 $146 ({Predecessor:} 15... Bd6 16. e4 dxe4 17. Nxe4 Bc7 18. Rfe1 Nd7 19. Bc4 Nb6 20. Nf6+ gxf6 21. Qg6+ Kh8 22. Qxh6+ {1-0 (29) Pierbattisti,G-Pieraccini,C Viareggio 1996}) 16. a4 h4 (16... Be6 $11 {is more appropriate.}) 17. gxh4 $14 Bxh4 18. b5 axb5 19. axb5 Re6 20. bxc6 bxc6 21. Ra1 ({Of course not} 21. Nxh4 $6 Qxh4 22. g3 Qh5 $11) 21... Rxa1 22. Rxa1 {[%emt 0:00:17][%cal Bf1a1,Ba1a8,Ba8b8][%mdl 32] And now Ra8 would win.} Rh6 23. Ra8 {[%emt 0:01:05][%cal Oc3d5] &Bianco is more active.} Qd7 {[%emt 0:11:32] Black cannot hold the game after this.} (23... Be7 $16 24. e4 dxe4 25. Nxe4 (25. Bxe4 Bd6 $16) 25... Qd7) 24. Qb1 Qc7 25. Qb8 Qxb8 26. Rxb8 Bd7 27. Na4 Be7 28. Ne5 $36 {[%emt 0:00:36][%mdl 2048] White is in control.} Rd6 (28... Be6 {was necessary.} 29. Rb6 (29. Nxc6 Bd6 $16) 29... Bd6) 29. Nc5 $18 {[%emt 0:00:09] Pair of Knights!} Be6 30. Nb7 {[%emt 0:00:08] Inhibits Rd8. Threatens to win with Re8.} f6 {[%emt 0:01:32] [#]} 31. Ng6 {[%emt 0:21:12] White is clearly winning.} Rd7 {[%emt 0:00:10] [#]} 32. Nc5 $1 Bxc5 33. dxc5 Rf7 34. f4 {[%emt 0:00:07][%cal Bf2f4,Bf4f5][%mdl 32] Strongly threatening f5.} f5 (34... Bg4 $142 35. Re8 f5 36. Ne7+ Kh7 37. Nxc6 Nd7) 35. g4 fxg4 36. f5 Bd7 37. Rd8 {[%emt 0:00:08] Weighted Error Value: White=0.12 (very precise) /Black=0.44} 1-0